 Dungeon Crawl Stone Soup version 0.17-a0-649-g87edefa (webtiles) character file.

44 laxity the Insei (level 3, -3/23 HPs)
             Began as an Octopode Transmuter on Apr 17, 2015.
             Slain by an adder (4 damage)
             ... on level 2 of the Dungeon.
             The game lasted 00:03:29 (1515 turns).

laxity the Insei (Octopode Transmuter)              Turns: 1515, Time: 00:03:29

Health: -3/23      AC:  2    Str:  9    XL:     3   Next: 62%
Magic:  0/6        EV: 19    Int: 16    God:
Gold:   110        SH:  0    Dex: 17    Spells: 2 memorised, 2 levels left

rFire  + . .     SeeInvis .       - Unarmed
rCold  . . .     Clarity  .     (shield currently unavailable)
rNeg   . . .     SustAb   .     (helmet currently unavailable)
rPois  x         Gourm    .     (no amulet)
rElec  .         Spirit   .     c - ring of protection from fire
rCorr  .         Warding  .     g - ring of loudness
rMut   .         Stasis   .     (no ring)
MR     .....                    (no ring)
Stlth  +.........               (no ring)
                                (no ring)
                                (no ring)
                                (no ring)

@: lethally poisoned (-3 -> -6), spider-form (expiring), very slightly
contaminated, not resistant to hostile enchantments, very unstealthy
A: almost no armour, amphibious, 8 rings, (constrict 8), (camouflage 0),
(gelatinous body 0)
a: End Transformation


You were on level 2 of the Dungeon.
You were not hungry.
You were a venomous arachnid creature.
You visited 1 branch of the dungeon, and saw 2 of its levels.

You collected 110 gold pieces.

Inventory:

Missiles
 b - 12 arrows
Jewellery
 c - a ring of protection from fire (left front leg)
 g - a ring of loudness (right front leg)
Scrolls
 h - a scroll of noise
 i - a scroll of amnesia
 j - a scroll of remove curse
Books
 d - a book of Changes

   Spells                             Type                      Level
   a - Beastly Appendage              Transmutation                1
   b - Sticks to Snakes               Transmutation                2
   c - Spider Form                    Transmutation/Poison         3
   d - Ice Form                       Ice/Transmutation            4
   e - Blade Hands                    Transmutation                5
Comestibles
 a - 2 bread rations
 l - a chunk of flesh


   Skills:
 - Level 1.0 Fighting
 - Level 2.0 Dodging
 + Level 4.5 Unarmed Combat
 - Level 2.0 Spellcasting
 - Level 2.0 Transmutations


You had 2 spell levels left.
You knew the following spells:

 Your Spells              Type           Power        Failure   Level  Hunger
a - Beastly Appendage     Trmt           #.....       24%         1    #......
b - Spider Form           Trmt/Pois      #.........   61%         3    ###....


Dungeon Overview and Level Annotations

Branches:
Dungeon (2/15)

Altars:


Innate Abilities, Weirdness & Mutations

You cannot wear most types of armour.
You are amphibious.
You can wear up to eight rings at the same time.
((You can use your tentacles to constrict eight enemies at once.))
((Your skin changes colour to match your surroundings (Stealth).))
((Your rubbery body absorbs attacks (AC +1).))


Message History

You are very lightly contaminated with residual magic.
Nothing appears to happen.
Casting: Spider Form
Confirm with . or Enter, or press ? or * to list all spells.
You don't have enough magic to cast that spell.
* * * LOW HITPOINT WARNING * * *
You feel sick.
Casting: Spider Form
Confirm with . or Enter, or press ? or * to list all spells.
You don't know that spell.
Casting: Spider Form
Confirm with . or Enter, or press ? or * to list all spells.
You turn into a venomous arachnid creature.
* * * LOW HITPOINT WARNING * * *
You feel sick.
Your transformation is almost over.
An adder comes into view.
* * * LOW HITPOINT WARNING * * *
You feel sick. The adder bites you.
You die...

...##.#.##........#.)#
...####.####.#.####..#########
...# #.####.#.####..#...w...# .
...# #......#.†.....#.#####.##.
#.## ########.#####.#.##........
#.# #...# #.#.#.#.#.#.#. ..# ###
#####.# #..w.......... ###### #..
...#.###.#.#.#.#.#.#.
#....###.#####.#sS.......(.......
..# ........§§####.#.#.#.#.#.#.
..# #..#.##..# #............. #.#
#..#§##§§# #.#<#.#.#.#.# #.#
#.§§§§§§.# #............. #.####
#..##§#..# #.#.#.#.#.#.# .....#
#..##§#..# #........... .....#
#....§§..# # #.#.#.#.# .....#
#####.#### ........


You could see an adder.

Vanquished Creatures
  An adder (D:2)
  An ooze (D:1)
  A worm (D:2)
  A giant gecko (D:2)
  3 goblins (D:2)
  6 hobgoblins
  A ball python (D:2)
  2 bats
  A giant cockroach (D:1)
  2 giant newts (D:1)
  4 kobolds (D:1)
  6 rats
29 creatures vanquished.

Notes
Turn   | Place    | Note
--------------------------------------------------------------
     0 | D:1      | laxity, the Octopode Transmuter, began the quest for the Orb.
     0 | D:1      | Reached XP level 1. HP: 13/13 MP: 3/3
   424 | D:1      | Reached XP level 2. HP: 18/18 MP: 5/5
  1014 | D:2      | Reached skill level 4 in Unarmed Combat
  1294 | D:2      | Reached XP level 3. HP: 19/23 MP: 6/6
  1299 | D:2      | Learned a level 3 spell: Spider Form
  1515 | D:2      | HP: 1/23 [poisoned by an adder]
  1515 | D:2      | Slain by an adder

Action                   || total
-------------------------++-------
Melee: Unarmed           ||    71
 Cast: Spider Form       ||     2
  Use: Scroll            ||     5
 Stab: Sleeping          ||     2
  Eat: Chunk             ||     2
